| TOP OF THE 1ST |
|
Atlanta Braves batting - Pitching for Cincinnati Reds : RHP Larry Dierker
|
|
Pitching: RHP Larry Dierker
|
|
|
Batting: SHB UL Washington
|
0-0: Ball 1-0: Foul Ball, location: 2F 1-1: Foul Ball, location: 2F 1-2: Foul Ball, location: 2F 1-2: Foul Ball, location: 2F 1-2: Strikes out swinging
|
|
Batting: LHB Leon Durham
|
0-0: Foul Ball, location: 2F 0-1: Ball 1-1: DOUBLE (Line Drive, 9LM, EV 98.1 MPH)
|
|
Batting: LHB Joe L Morgan
|
0-0: Foul Ball, location: 2F 0-1: Ball 1-1: Ball 2-1: Fly out, F7 (Line Drive, 7D, EV 93.1 MPH)
|
|
Batting: LHB Bobby Murcer
|
0-0: Ball 1-0: Called Strike 1-1: Fly out, F8 (Flyball, 78D, EV 99.4 MPH)
|
| Top of the 1st over - 0 runs, 1 hit, 0 errors, 1 left on base; Atlanta 0 - Cincinnati 0 |
| BOTTOM OF THE 1ST |
|
Cincinnati Reds batting - Pitching for Atlanta Braves : RHP Gary Carter
|
|
Pitching: RHP Gary Carter
|
|
|
Batting: RHB Gary Matthews
|
0-0: Fly out, F7 (Flyball, 7S, EV 85.0 MPH)
|
|
Batting: LHB Scott Radloff
|
0-0: Ball 1-0: Fly out, F8 (Flyball, 89D, EV 88.1 MPH)
|
|
Batting: LHB Mike Easler
|
0-0: Ball 1-0: Ball 2-0: SINGLE (Groundball, 34, EV 98.1 MPH)
|
|
Batting: LHB Darrell Evans
|
0-0: Ball 1-0: Called Strike 1-1: Called Strike 1-2: Ball 2-2: Ball 3-2: Foul Ball, location: 2F 3-2: Base on Balls Mike Easler to second
|
|
Batting: LHB Joseph Talley
|
0-0: Ball 1-0: Called Strike 1-1: Ball 2-1: Swinging Strike 2-2: Ball 3-2: Base on Balls Mike Easler to third Darrell Evans to second
|
|
Batting: RHB John Malkin
|
0-0: Called Strike 0-1: Fielders Choice at 2nd, 6-4 (Groundball, 6, EV 85.6 MPH)
|
| Bottom of the 1st over - 0 runs, 1 hit, 0 errors, 3 left on base; Atlanta 0 - Cincinnati 0 |
| TOP OF THE 2ND |
|
Atlanta Braves batting - Pitching for Cincinnati Reds : RHP Larry Dierker
|
|
Batting: RHB John Freitas
|
0-0: Called Strike 0-1: Called Strike 0-2: Foul Ball, location: 2F 0-2: Ball 1-2: Strikes out swinging
|
|
Batting: LHB Matt Winters
|
0-0: Ball 1-0: Fly out, F8 (Flyball, 8RS, EV 90.0 MPH)
|
|
Batting: RHB Adam Suman
|
0-0: Ground out 6-3 (Groundball, 6, EV 90.6 MPH)
|
| Top of the 2nd over - 0 runs, 0 hits, 0 errors, 0 left on base; Atlanta 0 - Cincinnati 0 |
| BOTTOM OF THE 2ND |
|
Cincinnati Reds batting - Pitching for Atlanta Braves : RHP Gary Carter
|
|
Batting: RHB Jesus Alfaro
|
0-0: Called Strike 0-1: Foul Ball, location: 2F 0-2: Strikes out looking
|
|
Batting: RHB John Damon
|
0-0: Ball 1-0: Swinging Strike 1-1: Ball 2-1: Ground out U3 (Groundball, 34, EV 103.1 MPH)
|
|
Batting: RHB Larry Dierker
|
0-0: Ball 1-0: Called Strike 1-1: Swinging Strike 1-2: Fly out, F5 (Popup, 5S, EV 78.1 MPH)
|
| Bottom of the 2nd over - 0 runs, 0 hits, 0 errors, 0 left on base; Atlanta 0 - Cincinnati 0 |
| TOP OF THE 3RD |
|
Atlanta Braves batting - Pitching for Cincinnati Reds : RHP Larry Dierker
|
|
Batting: RHB Guy Sularz
|
0-0: Ball 1-0: Ball 2-0: Ball 3-0: Called Strike 3-1: Fly out, F8 (Flyball, 8LD, EV 87.5 MPH)
|
|
Batting: LHB Gary Carter
|
0-0: Foul Ball, location: 2F 0-1: Foul Ball, location: 2F 0-2: Strikes out looking
|
|
Batting: SHB UL Washington
|
0-0: Called Strike 0-1: Ball 1-1: SINGLE (Groundball, 13S, EV 75.0 MPH) (infield hit)
|
|
Batting: LHB Leon Durham
|
0-0: Called Strike 0-1: Called Strike 0-2: Ball 1-2: Fly out, F7 (Flyball, 78D, EV 76.9 MPH)
|
| Top of the 3rd over - 0 runs, 1 hit, 0 errors, 1 left on base; Atlanta 0 - Cincinnati 0 |
| BOTTOM OF THE 3RD |
|
Cincinnati Reds batting - Pitching for Atlanta Braves : RHP Gary Carter
|
|
Batting: RHB Gary Matthews
|
0-0: Ball 1-0: Ball 2-0: Ball 3-0: Base on Balls
|
|
Batting: LHB Scott Radloff
|
0-0: Called Strike 0-1: Ball 1-1: Ball 2-1: Ball 3-1: Base on Balls Gary Matthews to second
|
|
Batting: LHB Mike Easler
|
0-0: Foul Ball, location: 2F 0-1: SINGLE (Line Drive, 9S, EV 107.5 MPH) Gary Matthews to third Scott Radloff to second Runner from 3rd tries for Home, SAFE, throw by RF to home
|
|
Batting: LHB Darrell Evans
|
0-0: Called Strike 0-1: Fly out, F7 (Flyball, 78S, EV 90.0 MPH)
|
|
Batting: LHB Joseph Talley
|
0-0: Ball 1-0: Foul Ball, location: 2F 1-1: Grounds into double play, 4-6-3 (Groundball, 4MD, EV 86.9 MPH)
|
| Bottom of the 3rd over - 1 run, 1 hit, 0 errors, 1 left on base; Atlanta 0 - Cincinnati 1 |
| TOP OF THE 4TH |
|
Atlanta Braves batting - Pitching for Cincinnati Reds : RHP Larry Dierker
|
|
Batting: LHB Joe L Morgan
|
0-0: Ball 1-0: Ball 2-0: Ball 3-0: Called Strike 3-1: Called Strike 3-2: Ground out 4-3 (Groundball, 34D, EV 86.9 MPH)
|
|
Batting: LHB Bobby Murcer
|
0-0: Ball 1-0: Fly out, F8 (Flyball, 89D, EV 95.0 MPH)
|
|
Batting: RHB John Freitas
|
0-0: Ball 1-0: Foul Ball, location: 2F 1-1: Ball 2-1: Ball 3-1: Foul Ball, location: 2F 3-2: SINGLE (Line Drive, 8RS, EV 86.9 MPH)
|
|
Batting: LHB Matt Winters
|
0-0: Ball 1-0: Ball 2-0: Foul Ball, location: 2F 2-1: Swinging Strike 2-2: Strikes out swinging
|
| Top of the 4th over - 0 runs, 1 hit, 0 errors, 1 left on base; Atlanta 0 - Cincinnati 1 |
| BOTTOM OF THE 4TH |
|
Cincinnati Reds batting - Pitching for Atlanta Braves : RHP Gary Carter
|
|
Batting: RHB John Malkin
|
0-0: Called Strike 0-1: Foul Ball, location: 2F 0-2: Ball 1-2: Strikes out swinging
|
|
Batting: RHB Jesus Alfaro
|
0-0: Ground out 6-3 (Groundball, 56, EV 101.3 MPH)
|
|
Batting: RHB John Damon
|
0-0: Called Strike 0-1: Ball 1-1: Ball 2-1: Called Strike 2-2: Strikes out looking
|
| Bottom of the 4th over - 0 runs, 0 hits, 0 errors, 0 left on base; Atlanta 0 - Cincinnati 1 |
| TOP OF THE 5TH |
|
Atlanta Braves batting - Pitching for Cincinnati Reds : RHP Larry Dierker
|
|
Batting: RHB Adam Suman
|
0-0: Ball 1-0: Called Strike 1-1: Foul Ball, location: 2F 1-2: SINGLE (Line Drive, 3D, EV 106.9 MPH)
|
|
Batting: RHB Guy Sularz
|
0-0: Ball 1-0: Foul Ball, location: 2F 1-1: Foul Ball, location: 2F 1-2: Ball 2-2: Ball 3-2: Ground out 3-1 (Groundball, 34S, EV 84.4 MPH) Adam Suman to second
|
|
Batting: LHB Gary Carter
|
0-0: Ball 1-0: Swinging Strike 1-1: Foul Ball, location: 2F 1-2: Foul Ball, location: 2F 1-2: Foul Ball, location: 2F 1-2: Ball 2-2: Foul Ball, location: 2F 2-2: Strikes out swinging
|
|
Batting: SHB UL Washington
|
0-0: Foul Ball, location: 2F 0-1: Ground out 6-3 (Groundball, 6MD, EV 86.3 MPH)
|
| Top of the 5th over - 0 runs, 1 hit, 0 errors, 1 left on base; Atlanta 0 - Cincinnati 1 |
| BOTTOM OF THE 5TH |
|
Cincinnati Reds batting - Pitching for Atlanta Braves : RHP Gary Carter
|
|
Batting: RHB Larry Dierker
|
0-0: Swinging Strike 0-1: Swinging Strike 0-2: Ball 1-2: Strikes out swinging
|
|
Batting: RHB Gary Matthews
|
0-0: Called Strike 0-1: Foul Ball, location: 2F 0-2: Foul Ball, location: 2F 0-2: Ball 1-2: Foul Ball, location: 2F 1-2: Strikes out swinging
|
|
Batting: LHB Scott Radloff
|
0-0: Foul Ball, location: 2F 0-1: Ball 1-1: Fly out, F9 (Flyball, 89M, EV 96.9 MPH)
|
| Bottom of the 5th over - 0 runs, 0 hits, 0 errors, 0 left on base; Atlanta 0 - Cincinnati 1 |
| TOP OF THE 6TH |
|
Atlanta Braves batting - Pitching for Cincinnati Reds : RHP Larry Dierker
|
|
Batting: LHB Leon Durham
|
0-0: Ball 1-0: Ball 2-0: Foul Ball, location: 2F 2-1: Swinging Strike 2-2: Ball 3-2: Foul Ball, location: 2F 3-2: SOLO HOME RUN (Flyball, 9LD, EV 96.3 MPH), Distance : 348 ft
|
|
Batting: LHB Joe L Morgan
|
0-0: Foul Ball, location: 2F 0-1: Foul Ball, location: 2F 0-2: Ball 1-2: Ball 2-2: Ball 3-2: Ground out 4-3 (Groundball, 34, EV 101.9 MPH)
|
|
Batting: LHB Bobby Murcer
|
0-0: Swinging Strike 0-1: DOUBLE (Flyball, 8LXD, EV 106.3 MPH)
|
|
Batting: RHB John Freitas
|
0-0: Called Strike 0-1: Ball 1-1: Ball 2-1: Foul Ball, location: 2F 2-2: Foul Ball, location: 2F 2-2: Fly out, F8 (Flyball, 8LD, EV 93.8 MPH)
|
|
Batting: LHB Matt Winters
|
0-0: Intentional Walk
|
|
Batting: RHB Adam Suman
|
0-0: SINGLE (Line Drive, 8RS, EV 98.1 MPH) Bobby Murcer to third Matt Winters to second Runner from 3rd tries for Home, SAFE, throw by CF to home
|
|
Batting: RHB Guy Sularz
|
0-0: Ball 1-0: Ball 2-0: Foul Ball, location: 2F 2-1: Swinging Strike 2-2: Reached on error, E9 (Flyball, 89D, EV 81.9 MPH) Matt Winters scores Adam Suman to third
|
|
Batting: LHB Gary Carter
|
0-0: Foul Ball, location: 2F 0-1: Ball 1-1: Called Strike 1-2: Ball 2-2: Strikes out swinging
|
| Top of the 6th over - 3 runs, 3 hits, 1 error, 2 left on base; Atlanta 3 - Cincinnati 1 |
| BOTTOM OF THE 6TH |
|
Cincinnati Reds batting - Pitching for Atlanta Braves : RHP Gary Carter
|
|
Batting: LHB Mike Easler
|
0-0: Called Strike 0-1: Ground out 4-3 (Groundball, 4, EV 78.1 MPH)
|
|
Batting: LHB Darrell Evans
|
0-0: Ball 1-0: Called Strike 1-1: Fly out, F8 (Flyball, 8RD, EV 97.5 MPH)
|
|
Batting: LHB Joseph Talley
|
0-0: Ball 1-0: Called Strike 1-1: Called Strike 1-2: Foul Ball, location: 2F 1-2: Ball 2-2: Foul Ball, location: 2F 2-2: Strikes out looking
|
| Bottom of the 6th over - 0 runs, 0 hits, 0 errors, 0 left on base; Atlanta 3 - Cincinnati 1 |
| TOP OF THE 7TH |
|
Atlanta Braves batting - Pitching for Cincinnati Reds : RHP Larry Dierker
|
|
Batting: SHB UL Washington
|
0-0: Called Strike 0-1: Ball 1-1: Ball 2-1: Fly out, F8 (Flyball, 78D, EV 105.6 MPH)
|
|
Batting: LHB Leon Durham
|
0-0: Ball 1-0: Fly out, F8 (Line Drive, 8LD, EV 90.6 MPH)
|
|
Batting: LHB Joe L Morgan
|
0-0: Called Strike 0-1: Ball 1-1: Called Strike 1-2: Foul Ball, location: 2F 1-2: Strikes out swinging
|
| Top of the 7th over - 0 runs, 0 hits, 0 errors, 0 left on base; Atlanta 3 - Cincinnati 1 |
| BOTTOM OF THE 7TH |
|
Cincinnati Reds batting - Pitching for Atlanta Braves : RHP Gary Carter
|
|
Batting: RHB John Malkin
|
0-0: Ball 1-0: Swinging Strike 1-1: Called Strike 1-2: Strikes out swinging
|
|
Batting: RHB Jesus Alfaro
|
0-0: Ball 1-0: Swinging Strike 1-1: Ball 2-1: Fly out, F9 (Flyball, 9LM, EV 78.8 MPH)
|
|
Batting: RHB John Damon
|
0-0: Called Strike 0-1: Ground out 6-3 (Groundball, 6MD, EV 98.8 MPH)
|
| Bottom of the 7th over - 0 runs, 0 hits, 0 errors, 0 left on base; Atlanta 3 - Cincinnati 1 |
| TOP OF THE 8TH |
|
Atlanta Braves batting - Pitching for Cincinnati Reds : RHP Larry Dierker
|
|
Batting: LHB Bobby Murcer
|
0-0: Ball 1-0: Ball 2-0: Swinging Strike 2-1: Swinging Strike 2-2: Ground out 4-3 (Groundball, 4M, EV 86.3 MPH)
|
|
Batting: RHB John Freitas
|
0-0: Foul Ball, location: 2F 0-1: Ground out 6-3 (Groundball, 6, EV 91.9 MPH)
|
|
Batting: LHB Matt Winters
|
0-0: Ball 1-0: Foul Ball, location: 2F 1-1: Swinging Strike 1-2: Strikes out looking
|
| Top of the 8th over - 0 runs, 0 hits, 0 errors, 0 left on base; Atlanta 3 - Cincinnati 1 |
| BOTTOM OF THE 8TH |
|
Cincinnati Reds batting - Pitching for Atlanta Braves : RHP Gary Carter
|
|
Pinch Hitting: LHB Jim Bennett
|
0-0: Ball 1-0: Called Strike 1-1: Ball 2-1: Swinging Strike 2-2: Ball 3-2: Foul Ball, location: 2F 3-2: Strikes out swinging
|
|
Batting: RHB Gary Matthews
|
0-0: Swinging Strike 0-1: DOUBLE (Line Drive, 89D, EV 105.0 MPH)
|
|
Batting: LHB Scott Radloff
|
0-0: Ball 1-0: Called Strike 1-1: Ball 2-1: Foul Ball, location: 2F 2-2: Foul Ball, location: 2F 2-2: Foul Ball, location: 2F 2-2: Ball 3-2: DOUBLE (Line Drive, 7LS, EV 93.1 MPH) Gary Matthews scores
|
|
Pitching: RHP Charlie Lea
|
|
|
Now in LF: Craig Kusick
|
|
|
Batting: LHB Mike Easler
|
0-0: Called Strike 0-1: Ball 1-1: Ball 2-1: Ball 3-1: Fly out, F4 (Flyball, 34D, EV 88.8 MPH)
|
|
Batting: LHB Darrell Evans
|
0-0: Ball 1-0: Ball 2-0: Foul Ball, location: 2F 2-1: Ball 3-1: Fly out, F7 (Line Drive, 7, EV 96.3 MPH)
|
| Bottom of the 8th over - 1 run, 2 hits, 0 errors, 1 left on base; Atlanta 3 - Cincinnati 2 |
| TOP OF THE 9TH |
|
Atlanta Braves batting - Pitching for Cincinnati Reds : RHP Larry Dierker
|
|
Pitching: LHP Danny Boone
|
|
|
Batting: RHB Adam Suman
|
0-0: Called Strike 0-1: Called Strike 0-2: Ball 1-2: Foul Ball, location: 2F 1-2: Ball 2-2: Ball 3-2: Base on Balls
|
|
Batting: RHB Guy Sularz
|
0-0: Called Strike 0-1: Ball Wild Pitch! Adam Suman to second 1-1: Fly out, F6 (Line Drive, 6, EV 69.4 MPH)
|
|
Batting: RHB Craig Kusick
|
0-0: Intentional Walk
|
|
Batting: SHB UL Washington
|
0-0: Foul Ball, location: 2F 0-1: Fielders Choice at 2nd, 6-4 (Groundball, 6, EV 101.9 MPH) Adam Suman to third
|
|
Batting: LHB Leon Durham
|
0-0: Ball UL Washington is caught stealing 2nd base 2-6
|
| Top of the 9th over - 0 runs, 0 hits, 0 errors, 1 left on base; Atlanta 3 - Cincinnati 2 |
| BOTTOM OF THE 9TH |
|
Cincinnati Reds batting - Pitching for Atlanta Braves : RHP Charlie Lea
|
|
Batting: LHB Joseph Talley
|
0-0: Foul Ball, location: 2F 0-1: Called Strike 0-2: Ball 1-2: Ball 2-2: Ball 3-2: Foul Ball, location: 2F 3-2: Fly out, F8 (Flyball, 8LXD, EV 101.9 MPH)
|
|
Batting: RHB John Malkin
|
0-0: Foul Ball, location: 2F 0-1: Ball 1-1: Called Strike 1-2: Fly out, F2 (Popup, 2LF, EV 88.1 MPH)
|
|
Batting: RHB Jesus Alfaro
|
0-0: Ball 1-0: Swinging Strike 1-1: Foul Ball, location: 2F 1-2: Foul Ball, location: 2F 1-2: Strikes out swinging
|
| Bottom of the 9th over - 0 runs, 0 hits, 0 errors, 0 left on base; Atlanta 3 - Cincinnati 2 |
|